 Dungeon Crawl Stone Soup version 0.28.0-53-g5a82cb258f (webtiles) character file.

Game seed: 9760212679150878010

48 buhh the Skirmisher (level 3, -1/26 HPs)
             Began as an Octopode Transmuter on June 20, 2022.
             Slain by an orc
             ... wielding a +0 hand axe
              (4 damage)
             ... on level 2 of the Dungeon.
             The game lasted 00:01:28 (1602 turns).

buhh the Skirmisher (Octopode Transmuter)           Turns: 1602, Time: 00:01:28

Health: -1/26      AC:  1    Str:  9    XL:     3   Next: 72%
Magic:  6/6        EV: 13    Int: 17    God:
Gold:   50         SH:  0    Dex: 12    Spells: 5/6 levels left

rFire   . . .      SeeInvis .     - Unarmed
rCold   . . .      Faith    .   (no shield)
rNeg    . . .      Spirit   .   (helmet currently unavailable)
rPois   .          Reflect  .   (no amulet)
rElec   .          Harm     .   (no ring)
rCorr   .          Rampage  .   (no ring)
Will    .....                   (no ring)
Stlth   +++.......              (no ring)
HPRegen 0.08/turn               (no ring)
MPRegen 0.10/turn               (no ring)
                                (no ring)
                                (no ring)

@: appendages (expiring)
A: tentacle spike 3, almost no armour, amphibious, 8 rings, camouflage 1,
gelatinous body 1, (nimble swimmer 1), tentacles
a: End Transformation


You were on level 2 of the Dungeon.
One of your tentacles had grown a beastly spike.
You visited 1 branch of the dungeon, and saw 2 of its levels.

You collected 50 gold pieces.

Inventory:

Jewellery
 d - an amulet of guardian spirit
Scrolls
 a - 2 scrolls of teleportation {unknown}
 b - a scroll of summoning {unknown}
 e - a scroll of enchant armour {unknown}
 f - a scroll of vulnerability {unknown}
 h - a scroll of blinking {unknown}
Potions
 c - a potion of magic {unknown}
 g - a potion of mutation {unknown}


   Skills:
 + Level 3.3 Fighting
 - Level 2.0 Dodging
 - Level 1.0 Stealth
 - Level 3.0 Unarmed Combat
 - Level 2.0 Spellcasting
 - Level 2.0 Transmutations


You had 5 spell levels left.
You knew the following spells:

 Your Spells              Type           Power      Damage    Failure   Level
a - Beastly Appendage     Tmut           16%        N/A       9%          1

Your spell library contained the following spells:

 Spells                   Type           Power      Damage    Failure   Level
 Wereblood                Tmut           8%         N/A       13%         2
 Magic Dart               Conj           4%         1d3       19%         1
 Call Imp                 Summ           1%         N/A       28%         2
 Spider Form              Tmut/Pois      5%         N/A       36%         3
 Mephitic Cloud           Conj/Pois/Air  1%         N/A       50%         3
 Ice Form                 Ice/Tmut       5%         N/A       77%         4


Dungeon Overview and Level Annotations

Branches:
Dungeon (2/15)

Altars:


Innate Abilities, Weirdness & Mutations

One of your tentacles has grown a beastly spike.
You cannot wear most types of armour.
You are amphibious.
You can wear up to eight rings at the same time.
Your skin changes colour to match your surroundings (Stealth+).
Your rubbery body absorbs attacks. (AC +1, EV +1)
((You are camouflaged when in or above water. (Stealth+)))
You have tentacles for arms and can constrict up to eight enemies at once.


Message History

One of your tentacles grows a vicious spike.
The orc shouts!
You hear a shout!
An orc comes into view. It is wielding a +0 hand axe. x2
The orc hits you with a +0 club.
The orc shouts!
You tentacle-slap the orc but do no damage.
You grab the orc. You constrict the orc. The orc hits you with a +0 club.
You barely miss the orc.
The orc is lightly wounded.
You constrict the orc, but do no damage.
The orc hits you with a +0 club.
You tentacle-slap the orc.
Your tentacle spike misses the orc.
You tentacle-slap the orc, but do no damage.
The orc is severely wounded.
Your transformation is almost over.
You constrict the orc. The orc closely misses you.
You tentacle-slap the orc.
You kill the orc!
You tentacle-slap the orc. Your grab misses the orc.
Your tentacle-slap misses the orc.
The orc is heavily wounded.
The orc hits you with a +0 club.
You tentacle-slap the orc.
You kill the orc!
You tentacle-slap the orc but do no damage.
You grab the orc. You constrict the orc. The orc hits you with a +0 hand axe!
You are too injured to fight recklessly!
You are too injured to fight recklessly!
You are too injured to fight recklessly!
You completely miss the orc.
You pierce the orc.
The orc is moderately wounded.
You constrict the orc. The orc hits you with a +0 hand axe.
* * * LOW HITPOINT WARNING * * *
You tentacle-slap the orc.
You kill the orc!
You barely miss the orc. Your grab misses the orc. The orc barely misses you.
You tentacle-slap the orc. You grab the orc.
The orc is heavily wounded.
You constrict the orc. The orc hits you with a +0 hand axe.
You die...

#.# #.# ..#### #<##..
#.##.# ###.##.#
##.#.##.#
##.###########.#..##.#
......o@...##.###†##.###
##.#######.#.## ##......
#......## ##.....
#.###.#.## ##.#.##.
#....###.##.##.
####..#..##.###
##....##.... ##.#.......
#...#####.


You could see an orc.

Vanquished Creatures
  A dart slug (D:1)
  3 orcs (D:2)
  3 ball pythons
  4 endoplasms
  A giant cockroach (D:2)
  5 goblins
  4 hobgoblins
  7 jackals (D:2)
  A quokka (D:2)
  A bat (D:2)
  2 frilled lizards (D:2)
  A kobold (D:1)
  3 rats
36 creatures vanquished.

Notes
Turn   | Place    | Note
-------+----------+-------------------------------------------
     0 | D:1      | buhh the Octopode Transmuter began the quest for the Orb.
     0 | D:1      | Reached XP level 1. HP: 13/13 MP: 3/3
     2 | D:1      | Noticed a dwarf
     4 | D:1      | Noticed a ghoul
     4 | D:1      | Noticed an octopode
     6 | D:1      | Noticed a demigod
     8 | D:1      | Noticed a human
     8 | D:1      | Noticed a gargoyle
    10 | D:1      | Noticed a minotaur
    12 | D:1      | Noticed a spriggan
    12 | D:1      | Noticed a draconian
    14 | D:1      | Noticed a tengu
    14 | D:1      | Noticed a merfolk
    16 | D:1      | Noticed a vampire
    18 | D:1      | Noticed a felid
    18 | D:1      | Noticed a naga
    20 | D:1      | Noticed a troll
    20 | D:1      | Noticed an ogre
    22 | D:1      | Noticed a demonspawn
    22 | D:1      | Noticed a vine stalker
    24 | D:1      | Noticed an elf
    26 | D:1      | Noticed a formicid
   146 | D:1      | Reached XP level 2. HP: 14/19 MP: 3/5
   484 | D:1      | Found a faded altar of an unknown god.
  1146 | D:2      | Reached XP level 3. HP: 25/25 MP: 6/6
  1602 | D:2      | Slain by an orc

Illustrated notes

Levels and vault maps discovered:
D:1:      kb_arrival_jail, layout_basic, hellmonk_ecumenical_altar_run_dry
D:2:      layout_loops_ring

Skill      XL: |  1  2  3 |
---------------+----------+-----
Stealth        | 1 |  1.0
Fighting       | 2 3 |  3.3
Dodging        | |  2.0
Unarmed Combat | |  3.0
Spellcasting   | |  2.0
Transmutations | |  2.0

Action                   || total
-------------------------++-------
Melee: Unarmed           ||    75
       Constrict         ||    26
       Kick              ||    14
       Tentacles         ||     9
       Punch             ||     1
 Cast: Beastly Appendage ||    17
 Stab: Sleeping          ||     5
Armor: Skin              ||     3
Dodge: Dodged            ||    38
